 Dungeon Crawl Stone Soup version 0.23.2-33-g5129a83184 (webtiles) character file.

Game seed: 8571934983296556438

2440 Aesthetico the Slinger (level 9, -1/59 (64) HPs)
             Began as a Halfling Arcane Marksman on July 19, 2019.
             Was a Follower of Nemelex Xobeh.
             Killed by the air
             ... invoked by Gastronok
              (28 damage)
             ... on level 8 of the Dungeon.
             The game lasted 00:16:59 (7456 turns).

Aesthetico the Slinger (Halfling Arcane Marksman)   Turns: 7456, Time: 00:17:04

HP:   -1/59 (64)    AC: 10    Str: 11    XL:     9   Next: 78%
MP:   10/10         EV: 13    Int: 11    God:    Nemelex Xobeh [*.....]
Gold: 419           SH:  0    Dex: 18    Spells: 9/10 levels left

rFire    + . .     SeeInvis +   a - +0 hunting sling
rCold    . . .     Gourm    .   (shield restricted)
rNeg     . . .     Faith    .   x - +1 ring mail of the End {rPois rC+} (curse)
rPois    +         Spirit   .   r - +1 helmet
rElec    .         Reflect  .   u - scarf {repulsion}
rCorr    .         Harm     .   k - +0 pair of gloves
MR       .....                  (no boots)
Stlth    +.........             t - amulet of magic regeneration
HPRegen  0.19/turn              o - ring of fire
MPRegen  0.37/turn              s - ring of see invisible

@: slowed, repel missiles, very slow
A: small, mutation resistance 1
a: Draw Escape, Draw Destruction, Draw Summoning, Renounce Religion


You were on level 8 of the Dungeon.
You worshipped Nemelex Xobeh.
Nemelex Xobeh was aware of your devotion.
You were near starving.

You visited 2 branches of the dungeon, and saw 9 of its levels.

You collected 419 gold pieces.

Inventory:

Hand Weapons
 a - a +0 hunting sling (weapon)
 y - a +0 blowgun
Missiles
 c - 157 stones (quivered)
 d - 18 sling bullets
 l - 8 needles of confusion
 w - 8 poisoned needles
Armour
 k - a +0 pair of gloves (worn)
 r - a +1 helmet (worn)
 u - a scarf of repulsion (worn)
 x - the cursed +1 ring mail of the End (worn) {rPois rC+}
   (You found it on level 4 of the Dungeon)

   It protects you from cold.
   It protects you from poison.
   It has a curse placed upon it.
 C - a +0 shield
Jewellery
 j - an uncursed ring of ice
 o - a ring of fire (left hand)
 s - a ring of see invisible (right hand)
 t - an amulet of magic regeneration (around neck)
Wands
 b - a wand of clouds (6)
 i - a wand of polymorph (8)
 D - a wand of disintegration (13)
Scrolls
 h - 5 scrolls of identify
 m - a scroll of teleportation
 q - 3 scrolls of remove curse
 z - 3 scrolls of magic mapping
 E - a scroll of blinking {unknown}
 F - a scroll of enchant weapon {unknown}
Potions
 e - a potion of resistance
 g - a potion of flight {unknown}
 n - 5 potions of brilliance
 p - 2 potions of haste {unknown}
 v - 4 potions of agility
 A - a potion of invisibility {unknown}
 B - 2 potions of curing
Comestibles
 f - 13 rations


   Skills:
 - Level 7.1 Fighting
 - Level 8.0 Slings
 - Level 6.1 Armour
 - Level 2.1 Dodging
 + Level 6.3 Shields
 - Level 1.0 Spellcasting
 - Level 2.4 Hexes


You had 9 spell levels left.
You knew the following spells:

 Your Spells              Type           Power        Failure   Level  Hunger
a - Corona                Hex            #......      26%         1    ##.....

Your spell library contained the following spells:

 Spells                   Type           Power        Failure   Level  Hunger
 Slow                     Hex            #.......     36%         2    ###....
 Inner Flame              Hex/Fire       #.......     77%         3    ####...
 Portal Projectile        Hex/Tloc       #.....       77%         3    ####...
 Cause Fear               Hex            #.........   95%         4    #####..
 Leda's Liquefaction      Hex/Erth       #.........   99%         4    #####..


Dungeon Overview and Level Annotations

Branches:
Dungeon (8/15)             Temple (1/1) D:6
   Lair: D:8-11

Altars:
Ashenzari
Cheibriados
Dithmenos
Fedhas
Gozag
Kikubaaqudgha
Makhleb
Nemelex Xobeh
Qazlal
Ru
Sif Muna
Trog
Uskayaw
Vehumet
Wu Jian
Xom
Yredelemnul
Zin
The Shining One

Annotations:
D:8 Gastronok


Innate Abilities, Weirdness & Mutations

You are small and have problems with some larger weapons.
You are somewhat resistant to further mutation.


Message History

You draw a card...
You have drawn the Storm.
A fierce wind blows from the card.
The electrical discharge engulfs Gastronok!
Gastronok is severely wounded.
You hear mighty peals of thunder!
Your -2 hand axe hits Gastronok but does no damage.
Gastronok barely misses you.
You draw a card...
You have drawn Wild Magic.
Nothing appears to happen.
Your -2 hand axe hits Gastronok.
Gastronok completely misses your -2 hand axe.
You draw a card...
You have drawn the Orb.
Press: ? - help, Shift-Dir - straight line, f/p - Gastronok
Aim: Gastronok, wearing a +0 hat of intelligence (severely wounded)
The wavering orb of destruction weakly hits your -2 hand axe!
You blow up your -2 hand axe!
Gastronok gurgles, "A snack!
A snack!"
Gastronok waves his eye-stalks in wide circles.
The air twists around and strikes you!
You die...
Your body disappears without a glow.

.o #.# #.#
#.#
#(####.#
#.(....#
#.(# #.w#
#@.#######
#.).......
##)#######
#.# #....#
#.#### #


You could see Gastronok.

Vanquished Creatures
  Pikel (D:4)
  Duvessa (D:7)
  A phantom (D:4)
  4 necrophages (D:6)
  A black bear (D:7)
  An ogre (D:5)
  3 centaurs
  A big kobold (D:7)
  A bullfrog (D:7)
  3 scorpions (D:7)
  Dowan (D:7)
  A howler monkey (D:7)
  2 crimson imps (D:6)
  A bullfrog zombie (D:6)
  4 orc priests
  2 hounds
  4 orc wizards
  An iguana (D:4)
  A worker ant (D:4)
  3 hound skeletons
  4 adders
  A shadow imp (D:5)
  3 oozes
  An adder zombie (D:6)
  An adder skeleton (D:6)
  2 worms (D:2)
  2 dart slugs
  A leopard gecko (D:6)
  25 orcs
  7 bats
  4 giant cockroaches
  8 goblins
  7 hobgoblins
  6 jackals
  2 quokkas
  2 ball pythons (D:1)
  4 frilled lizards
  A giant cockroach zombie (D:6)
  A jackal skeleton (D:4)
  20 kobolds
  7 rats
146 creatures vanquished.

Vanquished Creatures (others)
  Sigmund (D:4)
  An orc wizard (D:8)
  A giant cockroach (D:4)
  A bush (D:6)
  9 plants (D:6)
13 creatures vanquished.

Grand Total: 159 creatures vanquished

Notes
Turn   | Place    | Note
-------+----------+-------------------------------------------
     0 | D:1      | Aesthetico the Halfling Arcane Marksman began the quest for
                  | the Orb.
     0 | D:1      | Reached XP level 1. HP: 12/12 MP: 2/2
   182 | D:1      | Reached XP level 2. HP: 18/18 MP: 3/3
   242 | D:1      | Reached skill level 4 in Slings
   424 | D:1      | Reached XP level 3. HP: 7/22 MP: 4/4
   748 | D:1      | Reached skill level 5 in Slings
  1151 | D:2      | Reached skill level 6 in Slings
  1151 | D:2      | Reached XP level 4. HP: 17/27 MP: 5/5
  1175 | D:2      | Found a hide-covered altar of Uskayaw.
  1177 | D:2      | Noticed a +0 dagger
  1178 | D:2      | Noticed a +0 hand axe
  1513 | D:2      | Found a glowing silver altar of Zin.
  2219 | D:3      | Noticed a centaur
  2232 | D:3      | Killed a centaur
  2232 | D:3      | Reached skill level 8 in Slings
  2232 | D:3      | Reached XP level 5. HP: 32/32 MP: 6/6
  2246 | D:3      | Reached skill level 1 in Fighting
  2272 | D:3      | Reached XP level 6. HP: 38/38 MP: 7/7
  2944 | D:4      | Found an opulent altar of Gozag.
  3008 | D:4      | Noticed Pikel
  3011 | D:4      | Noticed a slave
  3013 | D:4      | Noticed a slave
  3030 | D:4      | Killed Pikel
  3030 | D:4      | Reached skill level 5 in Fighting
  3030 | D:4      | Reached XP level 7. HP: 51/51 MP: 8/8
  3030 | D:4      | Reached XP level 8. HP: 57/57 MP: 9/9
  3328 | D:4      | Killed Sigmund
  3459 | D:4      | Found a sacrificial altar of Ru.
  3689 | D:4      | Got a slimy ring mail
  3690 | D:4      | Identified the cursed +1 ring mail of the End {rPois rC+}
                  | (You found it on level 4 of the Dungeon)
  3769 | D:5      | Entered Level 5 of the Dungeon
  3769 | D:5      | Found a blossoming altar of Fedhas.
  4423 | D:5      | Found a basalt altar of Yredelemnul.
  4980 | D:6      | Found a blossoming altar of Fedhas.
  5061 | D:6      | Found an ornate altar of the Wu Jian Council.
  5107 | D:6      | Found a staircase to the Ecumenical Temple.
  5112 | Temple   | Entered the Ecumenical Temple
  5261 | Temple   | Became a worshipper of Nemelex Xobeh the Trickster
  5364 | D:6      | Received a gift from Nemelex Xobeh
  5454 | D:6      | Found a deep blue altar of Sif Muna.
  5780 | D:6      | Reached skill level 5 in Armour
  5780 | D:6      | Reached XP level 9. HP: 28/61 MP: 10/10
  6254 | D:7      | Noticed Duvessa
  6263 | D:7      | Noticed Dowan
  6277 | D:6      | Reached skill level 1 in Shields
  6469 | D:7      | Killed Dowan
  6791 | D:7      | Killed Duvessa
  6791 | D:7      | Reached skill level 5 in Shields
  6995 | D:7      | Reached * piety under Nemelex Xobeh
  7210 | D:7      | Found a shimmering altar of Xom.
  7427 | D:8      | Noticed Gastronok
  7456 | D:8      | Killed from afar by Gastronok

Skill      XL: |  1  2  3  4  5  6  7  8  9 |
---------------+----------------------------+-----
Slings         | 4 6 8 |  8.0
Fighting       | 1 5 7 |  7.1
Armour         | 5 6 |  6.1
Shields        | 6 |  6.3
Dodging        | |  2.1
Spellcasting   | |  1.0
Hexes          | |  2.4

Action                   |  1- 3 |  4- 6 |  7- 9 || total
-------------------------+-------+-------+-------++-------
 Fire: Hunting sling     |   120 |   180 |   432 ||   732
       Blowgun           |       |       |     9 ||     9
 Cast: Corona            |       |     1 |    44 ||    45
 Abil: Draw Destruction  |       |       |     6 ||     6
       Draw Summoning    |       |       |     2 ||     2
  Use: Scroll            |       |     7 |     6 ||    13
       Potion            |       |     3 |     4 ||     7
  Eat: Chunk             |       |     5 |    11 ||    16
       Ration            |       |       |     1 ||     1
Armor: Robe              |     7 |     8 |    14 ||    29
       Ring mail         |       |       |    43 ||    43
Dodge: Dodged            |    32 |    46 |   143 ||   221
       Deflected         |       |     3 |    10 ||    13
